[Event "Early-Titled-Tuesday-Blitz-January-30-2024"]
[Site "Chess.com"]
[Date "2024.01.30"]
[Round "3"]
[White "margarita_2703"]
[Black "Mesa_1"]
[Result "1-0"]
[WhiteElo "2337"]
[BlackElo "2557"]
[TimeControl "180+1"]
[EndTime "8:29:35 PST"]
[Termination "margarita_2703 won on time"]

1. e4 d6 2. d4 Nf6 3. Nc3 e5 4. Nf3 Nbd7 5. Bc4 Be7 6. h3 O-O 7. Be3 c6 8. a4 h6 9. O-O Re8 10.
Re1 Qc7 11. Qd2 Bf8 12. Rad1 exd4 13. Bxd4 Ne5 14. Nxe5 dxe5 15. Be3 Be6 16. Bxe6 Rxe6 17. f3 a6 18. Ne2 b5 19. axb5 cxb5 20. c3 Bc5 21.
Ng3 Rd6 22. Qf2 Bxe3 23. Qxe3 Rad8 24. Rxd6 Qxd6 25. Nf5 Qd2 26. Qe2 Qxe2 27. Rxe2 Nh5 28. Ne7+ Kf8 29. Nd5 Nf4 30. Nxf4 exf4 31. Kf2 Ke7 32.
Ke1 Ke6 33. Rd2 Rxd2 34. Kxd2 Kd6 35. Kd3 Kc5 36. b4+ Kc6 37. Kd4 f6 38. h4 h5 39.
e5 f5 40. c4 bxc4 41. Kxc4 g6 42. Kd4 1-0

[Event "Early-Titled-Tuesday-Blitz-January-30-2024"]
[Site "Chess.com"]
[Date "2024.01.30"]
[Round "3"]
[White "baki83"]
[Black "gm_rashid"]
[Result "1-0"]
[WhiteElo "2819"]
[BlackElo "2531"]
[TimeControl "180+1"]
[EndTime "8:29:37 PST"]
[Termination "baki83 won by resignation"]

1. e4 c5 2. Nf3 Nc6 3. Bb5 g6 4. O-O Bg7 5. Re1 Nf6 6. Nc3 O-O 7.
e5 Ne8 8. d3 Nc7 9. Bxc6 bxc6 10. Be3 Ne6 11. Qd2 Rb8 12. b3 d6 13. Bh6 f5 14.
Bxg7 Kxg7 15. exd6 exd6 16. d4 cxd4 17. Nxd4 Nxd4 18.
Qxd4+ Qf6 19. Re7+ Kg8 20. Qxf6 Rxf6 21. Rxa7 Be6 22.
Rd1 Bf7 23. Ra6 Rc8 24. f3 g5 25. Kf2 Kg7 26. Ne2 Kg6 27. a4 f4 28. a5 Be8 29.
Nc3 d5 30. Na4 Rf7 31. Nc5 Kf5 32. Re1 h5 33. h3 g4 34. hxg4+ hxg4 35. fxg4+ Kxg4 36. Rb6 f3 37. Rb4+ Kg5 38. gxf3 Ra7 39. Rg4+ Kf5 40. a6 Bh5 41. Rh4 Kg5 42. Ne6+ 1-0

[Event "Early-Titled-Tuesday-Blitz-January-30-2024"]
[Site "Chess.com"]
[Date "2024.01.30"]
[Round "3"]
[White "eightbyeightchess"]
[Black "Natalya_Buksa"]
[Result "1-0"]
[WhiteElo "2437"]
[BlackElo "2591"]
[TimeControl "180+1"]
[EndTime "8:29:38 PST"]
[Termination "eightbyeightchess won by resignation"]

1. e4 c5 2. Nf3 Nc6 3. d4 cxd4 4. Nxd4 e5 5. Nb3 Nf6 6. Nc3 Bb4 7. Bc4 O-O 8. O-O Bxc3 9. bxc3 Nxe4 10. Ba3 d6 11. Qd3 Bf5 12. Rae1 Qh4 13. f4 exf4 14. Rxe4 Rae8 15. Bxf7+ Kxf7 16. Rexf4 Kg8 17. Rxf5 Rxf5 18. Qxf5 Qd8 19. Qf7+ Kh8 20. Bxd6 Rg8 21. Qf8 Qb6+ 22.
Bc5 Qd8 23. Qxd8 Rxd8 24. Rf8+ Rxf8 25. Bxf8 Kg8 26. Bd6 Kf7 27. Nd4 Na5 28. Kf2 a6 29.
Kf3 g6 30. Ke4 Nc4 31. Kd5 Ne3+ 32. Kc5 Nxg2 33. Kb6 h5 34. Kxb7 a5 35. c4 Ne3 36.
c5 Nd5 37. c6 g5 38. c7 Nxc7 39. Kxc7 g4 40. Kb6 h4 41. Kxa5 g3 42. hxg3 h3 43.
g4 h2 44. Bxh2 Kg6 45. Bf4 Kf6 46. Kb5 Ke7 47. Kc5 Kd7 48. a4 Ke7 49. Kd5 Kd7 50. Bd6 Kc8 51. Kc6 Kd8 52. g5 Ke8 53. g6 Kd8 54. a5 Ke8 55. a6 Kd8 56. a7 1-0

[Event "Early-Titled-Tuesday-Blitz-January-30-2024"]
[Site "Chess.com"]
[Date "2024.01.30"]
[Round "3"]
[White "MBA_CHESS_2021"]
[Black "ljuks68"]
[Result "1-0"]
[WhiteElo "2239"]
[BlackElo "2422"]
[TimeControl "180+1"]
[EndTime "8:29:38 PST"]
[Termination "MBA_CHESS_2021 won by resignation"]

1. e4 e6 2. c4 d5 3. cxd5 exd5 4. exd5 Nf6 5. Nc3 Be7 6. d4 O-O 7. Nf3 Nxd5 8. Bd3 Bg4 9. h3 Bh5 10. Qb3 Nb6 11. Be3 Nc6 12. O-O-O Na5 13. Qc2 Bg6 14. Ne5 Nac4 15. Nxg6 hxg6 16. h4 Nxe3 17. fxe3 Bxh4 18.
Rh3 Bg5 19. Rdh1 Bh6 20. Kb1 Re8 21. Qf2 Qe7 22. e4 Rad8 23. a3 Qd6 24. d5 Qe5 25. Bc2 Nc4 26. g4 Rd6 27. Ka2 f6 28. Qxa7 Rb6 29.
b3 Ne3 30. Kb2 Qd4 31. Qa4 Nxc2 32. Qxe8+ Kh7 33. Rxh6+ gxh6 34. Qf7+ 1-0

[Event "Early-Titled-Tuesday-Blitz-January-30-2024"]
[Site "Chess.com"]
[Date "2024.01.30"]
[Round "3"]
[White "chessdjw"]
[Black "OparinGrigoriy"]
[Result "0-1"]
[WhiteElo "2743"]
[BlackElo "3013"]
[TimeControl "180+1"]
[EndTime "8:29:40 PST"]
[Termination "OparinGrigoriy won by checkmate"]

1. Nf3 c5 2. c4 Nc6 3. Nc3 Nf6 4. g3 e6 5. Bg2 d5 6. cxd5 exd5 7. d4 cxd4 8. Nxd4 Bc5 9. Nxc6 bxc6 10. Qc2 Bb6 11.
Na4 Bd7 12. O-O O-O 13. Nxb6 axb6 14. a4 Re8 15. b4 h5 16. Bb2 h4 17. Bd4 Ne4 18.
Rfc1 Re6 19. Ra3 hxg3 20. hxg3 Rc8 21. Qb2 c5 22. bxc5 bxc5 23. Bxg7 Qg5 24. Bc3 d4 25. Be1 Bc6 26. a5 Rh6 27. a6 Qh5 28. f3 Qh2+ 29. Kf1 Nxg3+ 30. Bxg3 Qxg3 31. Rxc5 Rh2 32. Qxd4 Qxg2+ 33. Ke1 Qxe2# 0-1

[Event "Early-Titled-Tuesday-Blitz-January-30-2024"]
[Site "Chess.com"]
[Date "2024.01.30"]
[Round "3"]
[White "KubaGepard"]
[Black "Mops_2004"]
[Result "1-0"]
[WhiteElo "2533"]
[BlackElo "2750"]
[TimeControl "180+1"]
[EndTime "8:29:40 PST"]
[Termination "KubaGepard won by resignation"]

1. d4 g6 2. Nf3 Bg7 3. g3 f5 4.
Bg2 Nf6 5. O-O O-O 6. b3 d6 7. Bb2 Ne4 8. Nbd2 Nc6 9. Ne1 Ng5 10. h4 Nf7 11. Nc4 e5 12. dxe5 dxe5 13. Bxc6 bxc6 14.
Nf3 e4 15. Bxg7 Kxg7 16. Qd4+ Qf6 17. Qxf6+ Kxf6 18. Nd4 Bd7 19. Rfd1 c5 20. Nf3 Be6 21. Nfd2 Rad8 22. e3 Rd7 23. Kf1 Rfd8 24. Ke2 Nd6 25. Nxd6 cxd6 26. c4 a5 27. Nb1 a4 28. Nc3 axb3 29.
axb3 Rb8 30. Nb5 d5 31. Ra6 Ke7 32. Na7 Rxb3 33. Nc6+ Kf8 34. Ne5 Rb2+ 35. Kf1 Re7 36. cxd5 Bc8 37. Ra8 Rxe5 38. Rxc8+ Ke7 39. d6+ Kd7 40.
Rc7+ Kd8 41. Rxh7 c4 42. d7 Rb7 43. Rh8+ 1-0

[Event "Early-Titled-Tuesday-Blitz-January-30-2024"]
[Site "Chess.com"]
[Date "2024.01.30"]
[Round "3"]
[White "GAusal"]
[Black "Gentlejimmy7"]
[Result "0-1"]
[WhiteElo "2270"]
[BlackElo "2566"]
[TimeControl "180+1"]
[EndTime "8:29:40 PST"]
[Termination "Gentlejimmy7 won by checkmate"]

1. Nf3 f5 2. d4 Nf6 3. Bf4 g6 4. h3 Bg7 5. e3 O-O 6. Be2 d6 7. Nbd2 Nbd7 8. O-O Qe8 9. Ng5 e6 10. c4 h6 11. Ngf3 e5 12. dxe5 dxe5 13. Bg3 c6 14. Qc2 Nh5 15. Bh2 Nc5 16. b4 e4 17.
bxc5 exf3 18. Bxf3 Bxa1 19. Rxa1 Nf6 20. Nb3 Kh7 21.
h4 h5 22. Bf4 Ne4 23. Nd4 Nxc5 24. Rd1 Ne6 25. Nxe6 Bxe6 26. Rd6 Qf7 27. c5 Rad8 28. Qd2 Rxd6 29. cxd6 Bxa2 30. g3 Rd8 31. Bg5 Rd7 32. Bf4 Bd5 33. Bxd5 Qxd5 34. Qb2 Qe6 35. Kh2 b5 36.
Qd4 a5 37. Qc5 Qd5 38. Qb6 Rxd6 39. Qxa5 Qd2 40. Qc7+ Rd7 41. Qe5 Qxf2+ 42. Kh3 Qf1+ 43. Kh2 Rd2# 0-1

[Event "Early-Titled-Tuesday-Blitz-January-30-2024"]
[Site "Chess.com"]
[Date "2024.01.30"]
[Round "3"]
[White "MathiasWomacka"]
[Black "Ducke13"]
[Result "1-0"]
[WhiteElo "2537"]
[BlackElo "2279"]
[TimeControl "180+1"]
[EndTime "8:29:40 PST"]
[Termination "MathiasWomacka won by resignation"]

1. e4 c5 2. Nf3 d6 3. d4 cxd4 4. Nxd4 Nf6 5. Nc3 a6 6. Be2 e5 7. Nb3 Be6 8. f4 b5 9. f5 Bc8 10.
a4 b4 11. Nd5 Nxd5 12. Qxd5 Ra7 13. Be3 Bb7 14. Qd2 Ra8 15. Qxb4 Qc7 16. Na5 Nc6 17. Qxb7 Qxa5+ 18. Bd2 Qc5 19. Qxa8+ Nd8 20. Bxa6 Be7 21. Bb5+ Kf8 22. O-O-O h5 23. Ba5 Kg8 24. Bxd8 Kh7 25. Qd5 Qe3+ 26. Kb1 Rxd8 27. Qxf7 Bf6 28.
Qxh5+ Kg8 29. Bc4+ d5 30. Bxd5+ Rxd5 31. Rxd5 Qxe4 32.
Rhd1 1-0

[Event "Early-Titled-Tuesday-Blitz-January-30-2024"]
[Site "Chess.com"]
[Date "2024.01.30"]
[Round "3"]
[White "olawsson"]
[Black "mistrzemi"]
[Result "1-0"]
[WhiteElo "2174"]
[BlackElo "2385"]
[TimeControl "180+1"]
[EndTime "8:29:40 PST"]
[Termination "olawsson won by resignation"]

1. d4 c5 2. d5 Nf6 3. c4 g6 4.
Nc3 Bg7 5. e4 d6 6. Nf3 O-O 7.
Be2 Bg4 8. O-O Na6 9. Bf4 Nd7 10. Qd2 Nc7 11. Bh6 Rb8 12. Bxg7 Kxg7 13. a4 Na6 14. Nb5 Bxf3 15. Bxf3 Ra8 16. Be2 Nb4 17. f4 a6 18.
Nc3 f6 19. Bg4 Qc7 20. Be6 Rh8 21. Rae1 Nf8 22. e5 Nxe6 23. exf6+ exf6 24. Rxe6 Rae8 25. f5 g5 26. Ne4 Rhf8 27. Qc3 Rxe6 28. fxe6 Qe7 29.
Nxg5 Kh8 30. Ne4 b5 31. Nxf6 Qg7 32. Ne4 Rxf1+ 33. Kxf1 Qxc3 34. bxc3 Kg7 35. cxb4 cxb4 36.
axb5 1-0

[Event "Early-Titled-Tuesday-Blitz-January-30-2024"]
[Site "Chess.com"]
[Date "2024.01.30"]
[Round "3"]
[White "mitrabhaa"]
[Black "PepeCuenca"]
[Result "1-0"]
[WhiteElo "2911"]
[BlackElo "2680"]
[TimeControl "180+1"]
[EndTime "8:29:41 PST"]
[Termination "mitrabhaa won by resignation"]

1. Nf3 Nf6 2. d4 d5 3. Bf4 e6 4. e3 c5 5. Nbd2 Nc6 6. c3 Bd6 7. Ne5 Qc7 8. Ndf3 Nd7 9. Bb5 O-O 10. Bxc6 bxc6 11. Qa4 Bb7 12. Nxd7 Qxd7 13. Bxd6 Qxd6 14.
Qa3 f6 15. O-O Rfd8 16. Qxc5 Qxc5 17. dxc5 e5 18. Nd2 Ba6 19. Rfe1 Rdb8 20. b4 Bd3 21. Nb3 Kf7 22. Na5 Rc8 23. Red1 e4 24. f3 Ke7 25. Kf2 f5 26. Nb3 Kd7 27. a4 Rab8 28. Nd4 g6 29.
a5 a6 30. h4 Bc4 31. h5 Rf8 32. hxg6 hxg6 33. Rh1 Rh8 34. Kg3 Rbe8 35. Kf4 exf3 36. gxf3 Rxh1 37. Rxh1 g5+ 38. Kxg5 Rxe3 39. Rh7+ Kc8 40.
Nxc6 Rxc3 41. Ne7+ Kd8 42. Nxf5 Rxf3 43. Nd6 Bb5 44.
Nxb5 axb5 45. a6 Ra3 46. a7 Kc8 47. Kf5 d4 48. Ke4 d3 49. Rh8+ Kb7 50. a8=Q+ Rxa8 51. Rxa8 Kxa8 52. Kxd3 1-0

[Event "Early-Titled-Tuesday-Blitz-January-30-2024"]
[Site "Chess.com"]
[Date "2024.01.30"]
[Round "3"]
[White "MFatigue"]
[Black "blitis"]
[Result "1-0"]
[WhiteElo "2470"]
[BlackElo "2611"]
[TimeControl "180+1"]
[EndTime "8:29:41 PST"]
[Termination "MFatigue won by resignation"]

1. e4 c5 2. a3 d5 3. exd5 Nf6 4. Bb5+ Nbd7 5. Nc3 a6 6. Bxd7+ Qxd7 7. Nf3 Nxd5 8. O-O b5 9. Ne4 e6 10. d4 c4 11. Ne5 Qc7 12. c3 Bb7 13. Re1 Be7 14. Qg4 O-O 15. Bh6 g6 16. Bxf8 Rxf8 17. Qg3 Nb6 18. Nxg6 Qxg3 19. Nxe7+ Kg7 20. hxg3 Re8 21.
Nd6 Rxe7 22. Nf5+ Kf6 23. Nxe7 Kxe7 24. a4 bxa4 25. Re5 f5 26. Ra5 Kd6 27. R1xa4 Nxa4 28. Rxa4 Kd5 29. f3 Bc8 30. Kf2 h6 31. Ke3 Bb7 32. Kf4 Bc8 33. Ra5+ Kd6 34. Rc5 Bb7 35. Rxc4 Bc6 36.
Rc5 Bb5 37. c4 Ba4 38. Ra5 1-0

[Event "Early-Titled-Tuesday-Blitz-January-30-2024"]
[Site "Chess.com"]
[Date "2024.01.30"]
[Round "3"]
[White "Heinza9"]
[Black "Hovik_Hayrapetyan"]
[Result "0-1"]
[WhiteElo "2323"]
[BlackElo "2770"]
[TimeControl "180+1"]
[EndTime "8:29:41 PST"]
[Termination "Hovik_Hayrapetyan won on time"]

1. e4 c5 2. Nf3 d6 3. Bb5+ Nd7 4. O-O a6 5. Be2 Ngf6 6. d3 b5 7. a4 Bb7 8. axb5 axb5 9. Rxa8 Qxa8 10. h3 g6 11. c3 Bg7 12. b4 c4 13. dxc4 bxc4 14. Bxc4 Nxe4 15. Qb3 O-O 16. Re1 Nb6 17. Bf1 Rc8 18. c4 Qa4 19. Qe3 Nxc4 20. Bxc4 Rxc4 21. Nbd2 Nxd2 22. Bxd2 Re4 23. Qb6 Rxe1+ 24. Bxe1 Qd7 25. Qe3 e5 26. Nd2 d5 27. f3 d4 28. Qd3 f5 29.
Bg3 Qd5 30. Qb3 e4 31. fxe4 fxe4 32. Qxd5+ Bxd5 33. Kf2 e3+ 0-1

[Event "Early-Titled-Tuesday-Blitz-January-30-2024"]
[Site "Chess.com"]
[Date "2024.01.30"]
[Round "3"]
[White "NastyaHn"]
[Black "SujanaLohani"]
[Result "1-0"]
[WhiteElo "2364"]
[BlackElo "2004"]
[TimeControl "180+1"]
[EndTime "8:29:41 PST"]
[Termination "NastyaHn won on time"]

1. Nc3 Nf6 2. Nf3 g6 3. e4 Bg7 4. d4 d6 5. Bg5 O-O 6. Qd2 c5 7.
dxc5 dxc5 8. Qxd8 Rxd8 9. e5 Ng4 10. Bxe7 Re8 11. Bxc5 Nxe5 12. Nxe5 Bxe5 13. O-O-O Nc6 14. Bc4 Bf5 15. g3 Rac8 16. Bd5 b6 17. Be3 Nb4 18. Bb3 Bxc3 19. bxc3 Rxc3 20. Bd2 1-0

[Event "Early-Titled-Tuesday-Blitz-January-30-2024"]
[Site "Chess.com"]
[Date "2024.01.30"]
[Round "3"]
[White "simonachess"]
[Black "dianamirza"]
[Result "1-0"]
[WhiteElo "2363"]
[BlackElo "1998"]
[TimeControl "180+1"]
[EndTime "8:29:41 PST"]
[Termination "simonachess won on time"]

1. d4 Nf6 2. c4 c5 3. d5 b5 4.
cxb5 a6 5. bxa6 g6 6. Nc3 Bxa6 7. Nf3 Bg7 8. g3 d6 9. Bg2 O-O 10. O-O Nbd7 11. Rb1 Qa5 12. Bd2 Rfb8 13. a4 Rb7 14.
Qc2 Qc7 15. b3 Ng4 16. Rfe1 Rab8 17. Na2 Nge5 18. Nxe5 Nxe5 19. Bc3 c4 20. b4 Rb6 21.
b5 Bc8 22. Ba5 Ng4 23. h3 Nf6 24. Nb4 Qc5 25. Bxb6 Rxb6 26. e4 Nd7 27. Nc6 Kf8 28.
Rec1 Ne5 29. Kh2 Nd3 30. Rf1 1-0

[Event "Early-Titled-Tuesday-Blitz-January-30-2024"]
[Site "Chess.com"]
[Date "2024.01.30"]
[Round "3"]
[White "sergeikim"]
[Black "topce"]
[Result "1-0"]
[WhiteElo "2594"]
[BlackElo "2375"]
[TimeControl "180+1"]
[EndTime "8:29:43 PST"]
[Termination "sergeikim won on time"]

1. d4 Nf6 2. c4 c5 3. d5 e6 4. Nc3 d6 5. e4 g6 6. Nge2 Bg7 7. Ng3 exd5 8. cxd5 O-O 9. Be2 h5 10.
Bg5 Qb6 11. Qd2 Re8 12. O-O Nh7 13. Bh4 Nd7 14. f4 c4+ 15. Kh1 Ndf6 16. Bxc4 Ng4 17. Rae1 f5 18. h3 Qc5 19. Bb3 Bd7 20. hxg4 hxg4 21.
exf5 gxf5 22. Nh5 Bd4 23. Re6 Bxe6 24. dxe6 Kh8 25. Na4 Be3 26. Nxc5 Bxd2 27. Nxb7 Bb4 28. a3 Rab8 29. Bd5 Bc5 30. b4 Bd4 31. Nxd6 Nf8 32. Nxe8 Rxe8 33. e7 Ng6 34. Bf7 Rxe7 35. Bxe7 Nxe7 36.
Rd1 Bb2 37. Rd7 Nc6 38. b5 1-0

[Event "Early-Titled-Tuesday-Blitz-January-30-2024"]
[Site "Chess.com"]
[Date "2024.01.30"]
[Round "3"]
[White "Shuvalov"]
[Black "IwkooO"]
[Result "0-1"]
[WhiteElo "2470"]
[BlackElo "2646"]
[TimeControl "180+1"]
[EndTime "8:29:45 PST"]
[Termination "IwkooO won by resignation"]

1. d4 Nf6 2. c4 e6 3. Nc3 Bb4 4. e3 O-O 5. a3 Bxc3+ 6. bxc3 d5 7. cxd5 Nxd5 8. Bd2 c5 9. Bd3 Nc6 10. Nf3 Qe7 11. e4 Nf6 12. e5 Nd5 13. Bxh7+ Kxh7 14. Ng5+ Kg6 15. h4 f5 16. h5+ Kh6 17. Nxe6+ f4 18.
Nxf8 Qxf8 19. g3 Qf5 20. Qf3 Be6 21. Rh4 cxd4 22. Bxf4+ Nxf4 23. Rxf4 Qxe5+ 24. Kf1 Re8 25. Qd3 Qg5 26. cxd4 Bg8 27. Kg1 Bh7 28. Qf3 Rd8 29.
Rd1 Rd5 30. Rd2 Rf5 31. Rxf5 Qxf5 32. Qxf5 Bxf5 33. d5 Ne5 34. d6 Nf3+ 35. Kf1 Nxd2+ 36. Ke2 Nc4 37. g4 Bxg4+ 38. f3 Bd7 0-1

[Event "Early-Titled-Tuesday-Blitz-January-30-2024"]
[Site "Chess.com"]
[Date "2024.01.30"]
[Round "3"]
[White "Siemba"]
[Black "EdmundPlayer"]
[Result "1-0"]
[WhiteElo "2567"]
[BlackElo "2271"]
[TimeControl "180+1"]
[EndTime "8:29:47 PST"]
[Termination "Siemba won by resignation"]

1. e4 c6 2. d4 d5 3. e5 c5 4.
dxc5 e6 5. a3 Nc6 6. b4 f6 7. Bb2 fxe5 8. Nf3 e4 9. Ne5 Nxe5 10.
Bxe5 Qg5 11. Qd4 Ne7 12. h4 Qc1+ 13. Qd1 Qxd1+ 14. Kxd1 Nc6 15. Bb5 Bd7 16. Bxc6 Bxc6 17. h5 Rg8 18. Nd2 Ba4 19. Kc1 Be7 20. f3 exf3 21.
Nxf3 Bf6 22. Kb2 O-O-O 23. Rae1 Rgf8 24. h6 gxh6 25. Rxh6 Bxe5+ 26. Rxe5 Rg8 27. Rh2 Bd7 28. Nd4 Rde8 29. b5 Kc7 30. Rxh7 Rxg2 31. c6 bxc6 32. bxc6 Rb8+ 33. Kc3 Kd6 34. cxd7 Kxe5 35. Nc6+ Kd6 36.
Nxb8 Rg8 37. Na6 Rd8 38. Kd4 e5+ 39. Kd3 Rxd7 40. Rh6+ Ke7 41. Nc5 Rc7 42. Na6 Rc4 43.
Nb4 e4+ 44. Kd2 d4 45. Rc6 Rxc6 46. Nxc6+ Kd6 47. Nxd4 Kc5 48. Kc3 e3 49. Ne2 a5 50. Kb3 Kb5 51. c4+ Kc5 52. Kc3 a4 53. Nf4 e2 54. Nxe2 Kd6 55. Kb4 1-0

[Event "Early-Titled-Tuesday-Blitz-January-30-2024"]
[Site "Chess.com"]
[Date "2024.01.30"]
[Round "3"]
[White "stasOR4ik"]
[Black "Ural_bogatyr"]
[Result "1/2-1/2"]
[WhiteElo "2414"]
[BlackElo "2538"]
[TimeControl "180+1"]
[EndTime "8:29:47 PST"]
[Termination "Game drawn by repetition"]

1. e4 e5 2. Nf3 Nc6 3. Bb5 a6 4. Ba4 Nf6 5. O-O Nxe4 6. Bxc6 dxc6 7. Re1 Nc5 8. d4 Ne6 9. Nxe5 Be7 10. c3 O-O 11. Nd2 f6 12. Nd3 Re8 13. Nf3 Nf8 14. Qb3+ Kh8 15. Bf4 Bd6 16. Rxe8 Qxe8 17. Re1 Qd7 18.
h3 b6 19. Bxd6 cxd6 20. Qxb6 a5 21. d5 Bb7 22. dxc6 Qxc6 23. Qxc6 Bxc6 24. Nd4 Bd5 25. a3 Bc4 26. Nf4 a4 27. Re7 Ng6 28. Nxg6+ hxg6 29. Rd7 d5 30. Ne6 Rb8 31. Rd8+ Rxd8 32. Nxd8 Kg8 33.
Ne6 Kf7 34. Nd4 Ke7 35. f4 Kd6 36. Kf2 Ba6 37. g3 Bc8 38. h4 Kc5 39. Ke3 Kc4 40. Kd2 Bd7 41. Nc2 Kb3 42. Kc1 Kc4 43. Kd2 Be6 44. Nd4 Bd7 45. Kc2 Bg4 46. Kd2 Bd7 1/2-1/2

[Event "Early-Titled-Tuesday-Blitz-January-30-2024"]
[Site "Chess.com"]
[Date "2024.01.30"]
[Round "3"]
[White "publicaccountcze"]
[Black "Caroexpert"]
[Result "0-1"]
[WhiteElo "2299"]
[BlackElo "2572"]
[TimeControl "180+1"]
[EndTime "8:29:47 PST"]
[Termination "Caroexpert won by resignation"]

1. e4 e5 2. Nf3 d6 3. d4 exd4 4. Nxd4 Nf6 5. Nc3 Nc6 6. Be3 Be7 7. Qd2 Ng4 8. O-O-O Nxe3 9. Qxe3 O-O 10. Kb1 Bf6 11.
Nxc6 bxc6 12. f4 Re8 13. e5 Qe7 14. Qf3 dxe5 15. fxe5 Qxe5 16. Qxc6 Rb8 17. Bb5 Bg4 18.
Qxe8+ Rxe8 19. Bxe8 Qxe8 20. Rhe1 Qb8 21. Rd3 g6 22. b3 Qb4 23. Re8+ Kg7 24. Nd5 Qc5 25. Nxf6 Kxf6 26. Red8 Bf5 27. Rd2 Qg1+ 28. Kb2 Qxh2 29. g4 Qe5+ 30. R8d4 c5 31. gxf5 cxd4 32.
fxg6 hxg6 0-1

[Event "Early-Titled-Tuesday-Blitz-January-30-2024"]
[Site "Chess.com"]
[Date "2024.01.30"]
[Round "3"]
[White "Viktor_Poddubnyi"]
[Black "aksuliini1"]
[Result "0-1"]
[WhiteElo "2321"]
[BlackElo "2530"]
[TimeControl "180+1"]
[EndTime "8:29:48 PST"]
[Termination "aksuliini1 won on time"]

1. e4 c5 2. Nf3 d6 3. d4 cxd4 4. Nxd4 Nf6 5. Nc3 a6 6. Bg5 e6 7.
Qf3 Nbd7 8. O-O-O Qc7 9. g4 h6 10. Bxf6 Nxf6 11. h4 b5 12. Bh3 b4 13. g5 bxc3 14.
gxf6 cxb2+ 15. Kb1 Bb7 16. Rhg1 g5 17. Rd3 Qc4 18.
Rgd1 Rc8 19. Rb3 Ba8 20. Qe3 gxh4 21. Rdd3 Kd7 22. Rdc3 Qa4 23. Rxc8 Kxc8 0-1

[Event "Early-Titled-Tuesday-Blitz-January-30-2024"]
[Site "Chess.com"]
[Date "2024.01.30"]
[Round "3"]
[White "Alexander_Donchenko"]
[Black "blitzking1729"]
[Result "1-0"]
[WhiteElo "2945"]
[BlackElo "2702"]
[TimeControl "180+1"]
[EndTime "8:29:49 PST"]
[Termination "Alexander_Donchenko won by resignation"]

1. Nf3 g6 2. g3 Bg7 3. d4 c5 4. c3 cxd4 5. cxd4 d5 6. Bg2 Nc6 7.
Nc3 Nf6 8. O-O O-O 9. Ne5 Ng4 10. Nxc6 bxc6 11. Na4 e5 12. h3 Nh6 13. dxe5 Nf5 14.
Bf4 g5 15. Bd2 Bxe5 16. Rc1 Bd7 17. e4 dxe4 18. Bxe4 h6 19. Nc5 Nd6 20. Bg2 Bf5 21. Bc3 Bxc3 22. Rxc3 Rc8 23. Qa4 Nb5 24. Re3 Qd2 25. b3 a5 26. h4 Nd4 27. hxg5 hxg5 28. Ne4 Bxe4 29. Bxe4 Rfe8 30. Qc4 Rcd8 31. Kg2 Qxa2 32. Bh7+ Kf8 33. Qc5+ Kg7 34. Qxg5+ Kh8 35. Qf6+ 1-0

[Event "Early-Titled-Tuesday-Blitz-January-30-2024"]
[Site "Chess.com"]
[Date "2024.01.30"]
[Round "3"]
[White "aistrel"]
[Black "tuschessCM1"]
[Result "1-0"]
[WhiteElo "2517"]
[BlackElo "2677"]
[TimeControl "180+1"]
[EndTime "8:29:49 PST"]
[Termination "aistrel won on time"]

1. d4 Nf6 2. Nc3 d5 3. Bf4 g6 4. Qd2 h5 5. Nf3 Bg7 6. Ne5 a6 7. f3 c5 8. dxc5 O-O 9. O-O-O e6 10. Bh6 Qc7 11. Bxg7 Kxg7 12. Qd4 Nc6 13. Nxc6 bxc6 14. f4 Re8 15. e4 Qxf4+ 16. Kb1 e5 17. Qa4 d4 18. g3 Qe3 19. Qxc6 Bd7 20. Qxf6+ Kxf6 21. Nd5+ Ke6 22. Nxe3 dxe3 23. Bc4+ Ke7 24. Bxf7 Red8 25. Bxg6 Bg4 26. Rd3 e2 27. Bf5 Bxf5 28. exf5 e4 29.
Rxd8 Rxd8 30. Kc1 Kf6 31. Re1 Kxf5 32. Rxe2 Rd5 33. b4 Rd4 34. c3 Rd3 35. Kc2 Ke5 36.
a4 Rf3 37. b5 axb5 38. axb5 Kd5 39. c6 Rf7 40. Kb3 Re7 41. Kb4 e3 42. c4+ Kd6 43.
Kc3 Kc5 44. Kd3 1-0

[Event "Early-Titled-Tuesday-Blitz-January-30-2024"]
[Site "Chess.com"]
[Date "2024.01.30"]
[Round "3"]
[White "N4700000"]
[Black "AnaKuchava"]
[Result "1-0"]
[WhiteElo "2425"]
[BlackElo "2204"]
[TimeControl "180+1"]
[EndTime "8:29:49 PST"]
[Termination "N4700000 won on time"]

1. e4 c5 2. Nf3 d6 3. Bb5+ Bd7 4. c4 Nc6 5. Nc3 g6 6. d4 cxd4 7. Nxd4 Bg7 8. Be3 Nf6 9. h3 Rc8 10. O-O O-O 11. Bxc6 bxc6 12. c5 d5 13. e5 Ne8 14.
f4 Nc7 15. Qa4 Ne6 16. Nxe6 Bxe6 17. Ne2 Qc7 18. Nd4 Bd7 19. Rae1 e6 20. Bf2 Rce8 21. Bh4 f6 22. exf6 Bxf6 23. Bxf6 Rxf6 24. Nb3 e5 25. fxe5 Rxf1+ 26. Rxf1 Rxe5 27. Qf4 Bf5 28. g4 Re7 29.
Qxc7 Rxc7 30. gxf5 gxf5 31. Rxf5 Rg7+ 32. Kf2 Rg6 33.
Nd4 Rh6 34. Kg3 a5 35. b3 Kg7 36. h4 Rg6+ 37. Rg5 1-0

[Event "Early-Titled-Tuesday-Blitz-January-30-2024"]
[Site "Chess.com"]
[Date "2024.01.30"]
[Round "3"]
[White "akanga001"]
[Black "picturesquecheck"]
[Result "0-1"]
[WhiteElo "1984"]
[BlackElo "2359"]
[TimeControl "180+1"]
[EndTime "8:29:49 PST"]
[Termination "picturesquecheck won by resignation"]

1. d4 d5 2. Nf3 Nf6 3. e3 c5 4. c3 e6 5. Nbd2 Be7 6. Bd3 O-O 7. O-O Nc6 8. e4 cxd4 9. cxd4 dxe4 10.
Nxe4 Nxe4 11. Bxe4 Bf6 12. Be3 Qd6 13. Qd2 Rd8 14.
Rad1 Ne7 15. Bf4 Qb6 16. Rc1 Nd5 17. Be5 Bxe5 18. dxe5 Bd7 19. Bxd5 exd5 20. Qxd5 Bc6 21. Qc4 Bxf3 22. gxf3 Qxb2 23. Rb1 Qxe5 24. Rxb7 Qg5+ 25. Kh1 Qf6 26. Qb3 a5 27. Re1 h6 28. Ree7 a4 29.
Qc2 Qxf3+ 30. Kg1 Rd1+ 31. Qxd1 Qxd1+ 32. Kg2 Qd5+ 33. f3 a3 34. Kg3 Qxa2 0-1

[Event "Early-Titled-Tuesday-Blitz-January-30-2024"]
[Site "Chess.com"]
[Date "2024.01.30"]
[Round "3"]
[White "Sanan_Sjugirov"]
[Black "SchmakAttack"]
[Result "1-0"]
[WhiteElo "3008"]
[BlackElo "2739"]
[TimeControl "180+1"]
[EndTime "8:29:51 PST"]
[Termination "Sanan_Sjugirov won by resignation"]

1. e4 e6 2. d4 d5 3. e5 c5 4. c3 Nc6 5. Nf3 Qb6 6. a3 c4 7.
Nbd2 Na5 8. Be2 Bd7 9. Nf1 Nb3 10. Rb1 Nxc1 11. Qxc1 Ne7 12. Ng3 Nc6 13. Bd1 Na5 14. Bc2 O-O-O 15. O-O Be7 16. Ng5 Be8 17. Nxh7 f6 18.
exf6 gxf6 19. Qh6 Qc7 20. Rbe1 Bf7 21. Qg7 Bd6 22. Nxf6 Nb3 23. Re2 b5 24. f4 Rhf8 25.
Qg4 Kb7 26. Nh7 Rg8 27. Ng5 Bg6 28. Bxg6 Rxg6 29. Rxe6 Rdg8 30. Rxg6 Rxg6 31. Qf5 Rg8 32. Qxd5+ 1-0

[Event "Early-Titled-Tuesday-Blitz-January-30-2024"]
[Site "Chess.com"]
[Date "2024.01.30"]
[Round "3"]
[White "Noki102"]
[Black "Boundless_Strike"]
[Result "1-0"]
[WhiteElo "2488"]
[BlackElo "2643"]
[TimeControl "180+1"]
[EndTime "8:29:51 PST"]
[Termination "Noki102 won by resignation"]

1. d4 e5 2. Nf3 d6 3. dxe5 Bg4 4. Bg5 Qd7 5. exd6 Bxd6 6. Nc3 f6 7. Bh4 Nc6 8. Bg3 O-O-O 9. Bxd6 Qe6 10. Qd5 Qxd5 11. Nxd5 Rxd6 12. Ne3 h5 13. Rd1 Rxd1+ 14. Kxd1 Nge7 15.
c3 Rd8+ 16. Kc2 Nf5 17. Nxg4 hxg4 18. Nd2 Ne5 19. g3 c6 20. Bg2 Kc7 21. h3 gxh3 22. Rxh3 Rh8 23. Rxh8 Ng4 24. Ne4 Nfe3+ 25. fxe3 Nxe3+ 26. Kd3 Nxg2 27. Rh2 Ne1+ 28. Kd2 1-0

[Event "Early-Titled-Tuesday-Blitz-January-30-2024"]
[Site "Chess.com"]
[Date "2024.01.30"]
[Round "3"]
[White "Egor_Koshulyan"]
[Black "Balla_Tamas"]
[Result "1-0"]
[WhiteElo "2648"]
[BlackElo "2429"]
[TimeControl "180+1"]
[EndTime "8:29:51 PST"]
[Termination "Egor_Koshulyan won by resignation"]

1. e4 c5 2. Nf3 Nc6 3. d4 cxd4 4. Nxd4 e5 5. Nb5 d6 6. N1c3 a6 7. Na3 b5 8. Nd5 Nge7 9. c4 Nxd5 10. exd5 Nd4 11.
cxb5 Bd7 12. Bd2 Be7 13. bxa6 O-O 14. Bd3 f5 15. O-O Bg5 16. Nc4 Qf6 17. Bxg5 Qxg5 18. Nxd6 f4 19. f3 Rad8 20. Ne4 Qh6 21. Qd2 Nf5 22.
Qc3 Ne3 23. Qxe5 Bh3 24. gxh3 Rxd5 25. Bc4 Qg6+ 26. Ng5 h6 27. Bxd5+ Kh8 28. Rfc1 hxg5 29. Be4 Qh5 30. Rc7 Rg8 31. a7 Qxh3 32. Qxg5 g6 33.
Qf6+ 1-0